 Dungeon Crawl Stone Soup version 0.25-a0-786-g5b70d41e48 (console) character file.

Game seed: 9408203451422358022, levelgen mode: classic

37841 Duffy the Thaumaturge (level 13, 109/109 HPs)
             Began as a Naga Earth Elementalist on Apr 18, 2020.
             Was an Elder of Sif Muna.
             Quit the game on level 4 of the Lair of Beasts.
             The game lasted 00:47:56 (30321 turns).

Duffy the Thaumaturge (Naga Earth Elementalist)    Turns: 30321, Time: 00:47:57

Health: 109/109    AC:  9    Str: 10    XL:     13   Next: 99%
Magic:  28/28      EV: 10    Int: 21    God:    Sif Muna [****..]
Gold:   1119       SH: 12    Dex: 12    Spells: 18/35 levels left

rFire    . . .     SeeInvis +   w - +4 spear (vamp)
rCold    . . .     Gourm    .   I - +2 kite shield
rNeg     . . .     Faith    .   J - +0 troll leather armour
rPois    +         Spirit   .   y - +0 helmet
rElec    .         Reflect  .   g - +0 cloak
rCorr    .         Harm     .   P - +0 pair of gloves
MR       +....                  (no barding)
Stlth    ++........             A - amulet of magic regeneration
HPRegen  0.68/turn              H - ring of wizardry
MPRegen  0.46/turn              t - ring of poison resistance

@: slowed, very slow
A: large, see invisible, deformed body, poison resistance, slowness 2, slow
metabolism 1, spit poison 1, constrict 1, AC +4
a: Spit Poison, Channel Magic, Forget Spell, Divine Exegesis, Renounce Religion


You were on level 4 of the Lair of Beasts.
You worshipped Sif Muna.
Sif Muna was greatly pleased with you.
You were not hungry.

You visited 4 branches of the dungeon, and saw 17 of its levels.

You collected 1795 gold pieces.
You spent 676 gold pieces at shops.

Inventory:

Hand Weapons
 w - a +4 vampiric spear (weapon)
Missiles
 b - 73 stones (quivered)
 G - 3 boomerangs of dispersal
Armour
 g - a +0 cloak (worn)
 j - a +0 leather armour of cold resistance
 y - a +0 helmet (worn)
 C - a +2 leather armour of positive energy
 F - a +0 robe of fire resistance
 I - a +2 kite shield (worn)
 J - a +0 troll leather armour (worn)
 P - a +0 pair of gloves (worn)
Jewellery
 t - a ring of poison resistance (right hand)
 A - an amulet of magic regeneration (around neck)
 H - a ring of wizardry (left hand)
Wands
 e - a wand of iceblast (9)
 B - a wand of scattershot (3)
 L - a wand of flame (13)
 M - a wand of digging (1)
 O - a wand of polymorph (8)
Scrolls
 a - 7 scrolls of teleportation
 i - 2 scrolls of amnesia
 l - 3 scrolls of immolation {unknown}
 n - 4 scrolls of blinking
 o - 9 scrolls of remove curse
 u - 5 scrolls of fear
 v - a scroll of brand weapon {unknown}
 x - 4 scrolls of magic mapping
 E - a scroll of summoning
 K - a scroll of fog {unknown}
Potions
 c - 3 potions of cancellation {unknown}
 k - a potion of magic
 m - 2 potions of brilliance {unknown}
 p - a potion of berserk rage
 q - 7 potions of curing
 r - 4 potions of heal wounds
 s - 2 potions of haste
 z - a potion of lignification
 D - 5 potions of might
 N - a potion of ambrosia
Miscellaneous
 f - a lightning rod (2/4)
 h - a tin of tremorstones
Comestibles
 d - 10 rations
 Q - 4 chunks of flesh


   Skills:
 - Level 5.0 Fighting
 - Level 2.4 Dodging
 - Level 3.0 Stealth
 - Level 9.0 Shields
 + Level 11.7 Spellcasting
 - Level 8.0 Conjurations
 + Level 2.3 Transmutations
 - Level 10.0 Earth Magic
 - Level 10.0 Invocations
 - Level 5.0 Evocations


You had 18 spell levels left.
You knew the following spells:

 Your Spells              Type           Power        Failure   Level  Hunger
h - Stone Arrow           Conj/Erth      ######       1%          3    None
j - Sandblast             Erth           ######       1%          1    None
k - Lee's Rapid Deconstr  Erth           ######....   1%          5    ####...
l - Irradiate             Conj/Tmut      ####......   10%         5    ####...
o - Mephitic Cloud        Conj/Pois/Air  ###.....     3%          3    None

Your spell library contained the following spells:

 Spells                   Type           Power        Failure   Level  Hunger
 Passwall                 Tmut/Erth      #####...     1%          2    None
 Dazzling Flash           Conj/Hex       ####..       1%          3    None
 Petrify                  Tmut/Erth      #####...     2%          4    #......
 Summon Small Mammal      Summ           ##..         3%          1    None
 Call Imp                 Summ           ##......     4%          2    None
 Fulminant Prism          Conj/Hex       ####......   6%          4    #......
 Call Canine Familiar     Summ           ##......     9%          3    None
 Summon Guardian Golem    Hex/Summ       ##......     9%          3    None
 Summon Ice Beast         Ice/Summ       ##......     28%         4    #......
 Summon Lightning Spire   Summ/Air       ##......     28%         4    #......
 Silence                  Hex/Air        ##........   58%         5    ####...
 Conjure Ball Lightning   Conj/Air       ####......   61%         6    ######.
 Deflect Missiles         Chrm/Air       ##........   98%         6    ######.
 Tornado                  Air            ##........   100%        9    #######


Dungeon Overview and Level Annotations

Branches:
Dungeon (10/15)            Temple (1/1) D:7            Lair (4/6) D:9
  Swamp (0/4) Lair:2       Spider (0/4) Lair:2          Orc (2/2) D:9
    Elf (0/3) Orc:2

Altars:
Ashenzari
Cheibriados
Dithmenos
Elyvilon
Fedhas
Gozag
Hepliaklqana
Kikubaaqudgha
Makhleb
Nemelex Xobeh
Okawaru
Qazlal
Ru
Sif Muna
Trog
Uskayaw
Vehumet
Wu Jian
Xom
Yredelemnul
Zin
The Shining One
Beogh

Shops:
D:4 [   D:6 [}[   D:9 ?   Orc:1 (*(   Orc:2 (

Annotations:
D:3 dig gold
D:7 1 runed translucent door, pljop's ghost, novice DrFE
D:8 3 runed translucent doors, Rubbish's ghost, novice HaHu
Lair:1 1 exclusion
Lair:2 2 transporters, brujo666's ghost, journeyman DsCj
Orc:2 1 exclusion


Innate Abilities, Weirdness & Mutations

You cannot wear boots.
Your serpentine skin is tough. (AC +4)
You have supernaturally acute eyesight. (SInv)
Armour fits poorly on your strangely shaped body.
Your system is resistant to poisons. (rPois)
You cover ground very slowly.
You have a slow metabolism.
You can spit poison.
You can use your snake-like lower body to constrict enemies.


Message History

Aiming: Stone Arrow (safe; 1% risk of failure)
Press: ? - help, Shift-Dir - straight line, f/p - bullfrog
Aim: a bullfrog (severely wounded)
The stone arrow hits the bullfrog!!
You kill the bullfrog!
Sif Muna accepts your kill.
Your lightning rod (2/4) has regained one charge.
A torpor snail comes into view.
Being near the torpor snail leaves you feeling lethargic.
Your magical contamination has completely faded away.
You feel yourself speed up.
Magic restored.
The torpor snail is too close now for your liking.
Cast which spell? (? or * to list)
You can't see any susceptible monsters within range! (Use Z to cast anyway.) Being near the torpor snail leaves you feeling lethargic.
Are you sure you want to abandon this character and quit the game? (Confirm with "yes".)
Okay, then.
Unknown command.
Are you sure you want to abandon this character and quit the game? (Confirm with "yes".)

##....#####..........#.#..........
##.....## #####.##.........<%...#.
P.......# #####.#.....##.###.#
........# ###.#..P......### ###
........#######..#.........##
...........##..............#
...........##..............# #
..........P#...............## #####
...........##.w..@..........###.##.
........................##.........
.....%......#.P..##P###.###........
.....%.....##P.###### ### #..###...
.......%..###### #### #P..
.........## ##.# .........# #.#
.....#..P# ### ..........


You could see a torpor snail.

Vanquished Creatures
  A stone giant (Orc:1)
  4 hydras
  2 death yaks (Lair:2)
  Pikel (D:7)
  An orb spider (Lair:2)
  2 orc knights
  A cyclops (Orc:1)
  An ugly thing (D:9)
  5 elephants
  3 black mambas
  A torpor snail (Lair:2)
  3 spiny frogs
  2 rime drakes
  5 komodo dragons
  5 trolls
  28 blink frogs
  A hornet (D:9)
  8 hippogriffs
  Sigmund (D:6)
  2 wyverns
  Eustachio (D:5)
  A human (D:8)
  29 yaks
  4 basilisks
  Edmund (D:6)
  A warg (Orc:2)
  10 water moccasins
  5 porcupines
  Duvessa (D:6)
  26 orc warriors
  5 sky beasts
  3 black bears
  An ice beast (D:8)
  3 phantoms
  3 slaves (D:7)
  A necrophage (D:10)
  10 ogres
  4 centaurs
  5 wolves
  6 crocodiles
  13 bullfrogs
  Dowan (D:6)
  5 scorpions
  A water moccasin skeleton (D:4)
  3 wights (D:6)
  2 electric eels (Lair:2)
  2 howler monkeys
  A crimson imp (D:7)
  2 bullfrog zombies
  4 jellies
  18 orc priests
  2 centaur skeletons
  2 hounds
  Jessica (D:3)
  2 bullfrog skeletons
  4 iguanas
  18 orc wizards
  5 worker ants
  A killer bee zombie (D:6)
  A hound zombie (D:8)
  2 hound skeletons
  11 gnolls
  15 adders
  2 howler monkey skeletons
  2 adder zombies (D:7)
  2 adder skeletons
  3 worms
  2 dart slugs
  4 leopard geckos
  82 orcs
  A ball python (D:1)
  4 giant cockroaches
  4 goblins
  11 hobgoblins
  9 jackals
  2 quokkas
  A ball python zombie (D:5)
  7 bats
  4 frilled lizards
  A jackal skeleton (D:5)
  4 kobolds
  A leopard gecko skeleton (D:5)
  A quokka skeleton (D:8)
  3 rats
  A plant (Lair:2)
464 creatures vanquished.

Vanquished Creatures (collateral kills)
  A blink frog (Lair:2)
1 creature vanquished.

Vanquished Creatures (others)
  A hungry ghost (D:7)
  A sky beast (D:7)
  A bullfrog (D:7)
  An iguana (D:7)
  A quokka (D:5)
  5 fungi
  8 plants
  2 withered plants (D:7)
20 creatures vanquished.

Grand Total: 485 creatures vanquished

Notes
Turn   | Place    | Note
-------+----------+-------------------------------------------
     0 | D:1      | Duffy the Naga Earth Elementalist began the quest for the
                  | Orb.
     0 | D:1      | Reached XP level 1. HP: 15/15 MP: 3/3
   348 | D:1      | Reached XP level 2. HP: 22/22 MP: 5/5
   815 | D:2      | Reached XP level 3. HP: 28/28 MP: 2/7
   820 | D:2      | Learned a level 3 spell: Stone Arrow
  1092 | D:2      | Reached skill level 1 in Conjurations
  1092 | D:2      | Reached XP level 4. HP: 28/36 MP: 3/8
  1164 | D:2      | Reached skill level 3 in Spellcasting
  1899 | D:3      | Noticed Jessica
  2036 | D:3      | Killed Jessica
  2036 | D:3      | Reached XP level 5. HP: 28/42 MP: 7/9
  2346 | D:3      | Learned a level 5 spell: Lee's Rapid Deconstruction
  2684 | D:3      | Found a hide-covered altar of Uskayaw.
  2685 | D:3      | Found a sparkling altar of Nemelex Xobeh.
  2914 | D:3      | Found a glowing silver altar of Zin.
  3169 | D:3      | Reached XP level 6. HP: 46/49 MP: 7/11
  3739 | D:4      | Noticed a black bear
  3748 | D:4      | Killed a black bear
  3945 | D:4      | Reached skill level 4 in Spellcasting
  3945 | D:4      | Reached skill level 5 in Earth Magic
  3945 | D:4      | Reached XP level 7. HP: 55/55 MP: 8/13
  4164 | D:4      | Found Diqon's Antique Armour Shoppe.
  4927 | D:5      | Entered Level 5 of the Dungeon
  5034 | D:5      | Noticed Eustachio
  5171 | D:5      | Killed Eustachio
  5171 | D:5      | Reached skill level 5 in Spellcasting
  5407 | D:5      | Reached skill level 1 in Evocations
  5626 | D:5      | Reached XP level 8. HP: 59/62 MP: 12/15
  5889 | D:5      | Found an opulent altar of Gozag.
  6426 | D:5      | Found a hazy altar of Hepliaklqana.
  6469 | D:5      | Reached skill level 5 in Evocations
  6514 | D:5      | Found a white marble altar of Elyvilon.
  7299 | D:6      | Reached skill level 1 in Shields
  7448 | D:6      | Noticed Duvessa
  7448 | D:6      | Noticed Dowan
  7461 | D:6      | Killed Duvessa
  7464 | D:6      | Killed Dowan
  7466 | D:6      | Noticed Sigmund
  7467 | D:6      | Reached XP level 9. HP: 52/68 MP: 0/17
  7582 | D:6      | Killed Sigmund
  7705 | D:6      | Noticed Edmund
  7960 | D:6      | Found Mauthros's Gadget Boutique.
  7992 | D:6      | Reached skill level 6 in Spellcasting
  8141 | D:6      | Found Ujusme's Antique Armour Shop.
  8409 | D:6      | Found Guigrub's Antique Armour Shoppe.
  8419 | D:6      | Killed Edmund
  8681 | D:6      | Found a shattered altar of Ashenzari.
  8946 | D:6      | Bought a wand of acid (5) for 198 gold pieces
  8978 | D:6      | Bought an embroidered robe for 118 gold pieces
  9217 | D:7      | Found a staircase to the Ecumenical Temple.
  9231 | Temple   | Entered the Ecumenical Temple
  9397 | Temple   | Became a worshipper of Sif Muna the Loreminder
  9494 | D:7      | Noticed Pikel
  9560 | D:7      | Killed Pikel
  9560 | D:7      | Reached skill level 7 in Spellcasting
 10077 | D:7      | Reached XP level 10. HP: 59/75 MP: 10/20
 11022 | D:7      | Found a runed translucent door.
 11022 | D:7      | Noticed pljop's ghost (novice DrFE)
 11445 | D:8      | Found a snail-covered altar of Cheibriados.
 11501 | D:8      | Found a runed translucent gate.
 11502 | D:8      | Found a runed translucent gate.
 11503 | D:8      | Found a runed translucent gate.
 11613 | D:8      | Noticed Rubbish's ghost (novice HaHu)
 11805 | D:8      | Reached * piety under Sif Muna
 11941 | D:8      | Reached skill level 5 in Shields
 12724 | D:9      | Reached skill level 8 in Spellcasting
 13003 | D:8      | Reached skill level 1 in Fighting
 13120 | D:9      | Noticed an elephant
 13123 | D:9      | Found a staircase to the Lair.
 13275 | D:9      | Killed an elephant
 13505 | D:9      | Reached ** piety under Sif Muna
 13506 | D:9      | Reached XP level 11. HP: 88/88 MP: 7/23
 13833 | D:9      | Noticed a cyan ugly thing
 14154 | D:9      | Killed a cyan ugly thing
 14280 | D:9      | Found a staircase to the Orcish Mines.
 14612 | D:9      | Found Qymaups's Magic Scroll Boutique.
 14618 | D:9      | Bought a scroll of magic mapping for 52 gold pieces
 14618 | D:9      | Bought a scroll of noise for 15 gold pieces
 14618 | D:9      | Bought a scroll of random uselessness for 15 gold pieces
 14618 | D:9      | Bought a scroll of identify for 30 gold pieces
 14618 | D:9      | Bought a scroll of fear for 52 gold pieces
 15041 | D:9      | Bought a scroll of amnesia for 52 gold pieces
 15056 | D:10     | Entered Level 10 of the Dungeon
 15484 | Lair:1   | Entered Level 1 of the Lair of Beasts
 15769 | Lair:1   | Got a smoking chain mail
 15925 | Lair:1   | Reached skill level 5 in Fighting
 16053 | Lair:1   | Noticed a seven-headed hydra
 16175 | Lair:1   | Killed a seven-headed hydra
 16782 | Lair:1   | Reached *** piety under Sif Muna
 16782 | Lair:1   | Reached skill level 1 in Invocations
 17296 | Lair:1   | Noticed an ice dragon
 17578 | Lair:2   | Found a transporter.
 17583 | Lair:2   | Noticed brujo666's ghost (journeyman DsCj)
 17626 | Lair:2   | Found a staircase to the Swamp.
 17688 | Lair:2   | Reached XP level 12. HP: 103/103 MP: 17/24
 17763 | Lair:2   | Reached skill level 5 in Conjurations
 17864 | Lair:2   | Noticed a death yak
 17875 | Lair:2   | Noticed a seven-headed hydra
 18592 | Lair:2   | Found a transporter.
 19162 | Lair:2   | Noticed a seven-headed hydra
 19165 | Lair:2   | Killed a seven-headed hydra
 19165 | Lair:2   | Reached skill level 9 in Spellcasting
 19165 | Lair:2   | Reached skill level 10 in Earth Magic
 19307 | Lair:2   | Found a hole to the Spider Nest.
 19313 | Lair:2   | Reached skill level 5 in Invocations
 19480 | Lair:2   | You fall into a shaft and drop 1 floor!
 19956 | Lair:3   | Found a bloodstained altar of Trog.
 19956 | Lair:3   | Noticed a death yak
 19956 | Lair:3   | Noticed a death yak
 19964 | Lair:2   | Killed a death yak
 20298 | Lair:2   | Reached **** piety under Sif Muna
 21441 | Lair:2   | Gained mutation: You can use your snake-like lower body to
                  | constrict enemies. [Naga growth]
 21441 | Lair:2   | Reached XP level 13. HP: 75/109 MP: 15/26
 21844 | Lair:2   | Reached skill level 10 in Spellcasting
 25079 | Orc:1    | Entered Level 1 of the Orcish Mines
 25965 | Orc:1    | Found Riethy's Antique Weapon Emporium.
 26011 | D:9      | Reached skill level 11 in Spellcasting
 26326 | Orc:1    | Found a roughly hewn altar of Beogh.
 26943 | Orc:1    | Found Locot's Assorted Antiques.
 26948 | Orc:1    | Noticed a stone giant
 27161 | Orc:1    | Found Witaoph's Antique Weapon Boutique.
 27465 | Orc:1    | Killed a stone giant
 27472 | Orc:1    | Bought a scroll of identify for 48 gold pieces
 27472 | Orc:1    | Bought a copper wand for 96 gold pieces
 27491 | Orc:2    | Entered Level 2 of the Orcish Mines
 27670 | Orc:1    | Reached ***** piety under Sif Muna
 27764 | Orc:2    | Identified Sif Muna's Papyrus of Feathery Attacks (Sif Muna
                  | gifted it to you on level 2 of the Orcish Mines)
 27764 | Orc:2    | Received a gift from Sif Muna
 27899 | Orc:1    | Learned a level 3 spell: Mephitic Cloud
 28871 | Orc:2    | Reached skill level 10 in Invocations
 29281 | Orc:2    | Found Burisonk's Antique Weapon Shoppe.
 29291 | Orc:2    | Found a staircase to the Elven Halls.
 29765 | D:3      | Learned a level 5 spell: Irradiate
 30321 | Lair:4   | Quit the game

Levels and vault maps discovered:
D:1:      eino_arrival_tree_alley, layout_loops_ring
D:2:      layout_rooms
D:3:      layout_basic, gammafunk_temple_overflow_statue, zin_treasury,
          uniq_jessica
D:4:      layout_basic, serial_shops, shop, first_ration, serial_bayou_lagoon_b
D:5:      layout_basic, nicolae_gozag_cash_rules_everything_around_me,
          lemuel_crystal_altar, nrook_pool_corridor, elyvilon_altar_4,
          uniq_eustachio
D:6:      layout_loops_ring, lemuel_crystal_altar, serial_shops,
          nicolae_shop_overgrown_old_shop, shop, nicolae_shop_stone,
          uniq_duvessa, uniq_edmund, uniq_sigmund
D:7:      layout_basic, temple_green, gammafunk_ghost_grave, uniq_pikel
D:8:      layout_rooms, lemuel_round_altar, gammafunk_ghost_spectres,
          grunt_pizzeria
D:9:      layout_basic, david_lair_generic, david_orc_3, serial_shops, shop,
          minmay_stone_trees_small
D:10:     minmay_the_grid_3x3 [minmay_the_grid_square_x,
          minmay_the_grid_tri_star, minmay_the_grid_spikes,
          minmay_the_grid_tiny_cups, minmay_the_grid_broken_lines,
          minmay_the_grid_zigzag_pyramid, minmay_the_grid_medium_cups,
          minmay_the_grid_pillar_ring,
          minmay_the_grid_prize_four_corners_diamond_b], layout_irregular_city
Temple:   regret_index_temple_waves
Lair:1:   dragon1_lemuel, layout_regular_city
Lair:2:   layout_long_grid, swamp_mist, nicolae_spider_entry_orb_guardian,
          gammafunk_ghost_berserking_beasts, serial_bayou_lake_a,
          serial_bayou_shore_b
Lair:3:   layout_cave_pods, basic_altar
Lair:4:   layout_cave_pods
Orc:1:    layout_caves, serial_shops, nicolae_shop_overgrown_old_shop, shop,
          nicolae_shop_waterfront, nicolae_orc_lost_temple
Orc:2:    st_orc_congregation, layout_diamond_mine, serial_shops,
          nicolae_shop_overgrown_old_shop, nicolae_shop_overgrown_old_shop,
          basic_altar

Skill      XL: |  1  2  3  4  5  6  7  8  9 10 11 12 13 |
---------------+----------------------------------------+-----
Conjurations   | 1 2 3 4 7 8 |  8.0
Spellcasting   | 3 4 5 7 8 9 11 | 11.7
Earth Magic    | 4 5 6 8 9 10 | 10.0
Evocations     | 1 5 |  5.0
Shields        | 2 4 6 9 |  9.0
Fighting       | 2 5 |  5.0
Dodging        | 2 |  2.4
Invocations    | 2 6 10 | 10.0
Transmutations | 2 |  2.3
Stealth        | |  3.0

Action                   |  1- 3 |  4- 6 |  7- 9 | 10-12 | 13-15 || total
-------------------------+-------+-------+-------+-------+-------++-------
Melee: Spear             |       |       |       |    14 |    30 ||    44
       Constrict         |       |       |       |       |     1 ||     1
 Cast: Sandblast         |    13 |    21 |    61 |   141 |    33 ||   269
       Stone Arrow       |       |    38 |   122 |   236 |   264 ||   660
       Lee's Rapid Decon |       |       |       |    50 |    38 ||    88
       Irradiate         |       |       |       |       |     3 ||     3
 Abil: Spit Poison       |    22 |    31 |    20 |     7 |       ||    80
Evoke: Wand              |       |       |     2 |    12 |     8 ||    22
       Lightning rod     |       |       |       |       |     5 ||     5
  Use: Scroll            |       |     6 |     2 |     9 |     6 ||    23
       Potion            |       |       |       |       |     1 ||     1
  Eat: Chunk             |     1 |    13 |    22 |    28 |    19 ||    83
       Ration            |       |       |       |     3 |     3 ||     6
Armor: Robe              |     9 |    20 |     1 |       |       ||    30
       Leather armour    |       |       |    44 |    54 |    34 ||   132
       Skin              |       |       |       |       |    25 ||    25
       Troll leather arm |       |       |       |       |    18 ||    18
Dodge: Dodged            |    15 |    21 |    48 |    87 |    95 ||   266
Block: Kite shield       |       |       |    10 |   168 |   194 ||   372

Table legend:
 A = Non-vault XP
 B = Vault XP
 C = Vault XP percentage of total XP
 D = Non-vault monster count
 E = Vault monster count
 F = Vault count percentage of total count
                 A         B        C        D         E       F
            +---------+---------+-------+---------+---------+-------
      Total |   49966 |    4093 |   7.6 |     436 |      25 |   5.4
            +---------+---------+-------+---------+---------+-------
        D:1 |      16 |       0 |   0.0 |       8 |       0 |   0.0
        D:2 |     130 |       0 |   0.0 |      22 |       0 |   0.0
        D:3 |     151 |      37 |  19.7 |      28 |       1 |   3.4
        D:4 |     558 |       0 |   0.0 |      19 |       0 |   0.0
        D:5 |    1150 |     202 |  14.9 |      34 |       1 |   2.9
        D:6 |     779 |     616 |  44.2 |      19 |       4 |  17.4
        D:7 |    1032 |     641 |  38.3 |      23 |       1 |   4.2
        D:8 |    1399 |     335 |  19.3 |      25 |       4 |  13.8
        D:9 |    3995 |    1333 |  25.0 |      35 |      10 |  22.2
       D:10 |     933 |     334 |  26.4 |       8 |       3 |  27.3
     Lair:1 |    5966 |       0 |   0.0 |      23 |       0 |   0.0
     Lair:2 |   12626 |     595 |   4.5 |      47 |       1 |   2.1
     Lair:3 |    6597 |       0 |   0.0 |      28 |       0 |   0.0
     Lair:4 |    6438 |       0 |   0.0 |      20 |       0 |   0.0
      Orc:1 |    6403 |       0 |   0.0 |      58 |       0 |   0.0
      Orc:2 |    1793 |       0 |   0.0 |      39 |       0 |   0.0
            +---------+---------+-------+---------+---------+-------
